[Event "SixDays Budapest March IM 2023"]
[Site "Budapest"]
[Date "2023.03.27"]
[Round "6.3"]
[White "Balogh, Peter"]
[Black "Udvardi, Zalan"]
[Result "0-1"]
[ECO "B33"]
[WhiteElo "2264"]
[BlackElo "2260"]
[Annotator "TA"]
[PlyCount "48"]
[EventDate "2023.03.24"]
[EventType "tourn"]
[EventCountry "HUN"]
[SourceTitle "playchess.com"]
[Source "ChessBase"]
[SourceQuality "1"]
[TimeControl "5400+30"]

1. e4 c5 2. Nf3 Nc6 3. d4 cxd4 4. Nxd4 Nf6 5. Nc3 e5 6. Ndb5 d6 7. Bg5 a6 8. Na3 b5 9. Bxf6 gxf6 10. Nd5 Bg7 11. Bd3 Ne7 12. Nxe7 Qxe7 13. c4 f5 14. O-O O-O 15. cxb5 {[%emt 0:01:48] 15.Qh5 is becoming the main line. B33: Sicilian: Pelikan and Sveshnikov Variations.} (15. exf5 e4 16. Qe2 Bxf5 17. cxb5 axb5 18. Nxb5 d5 $15) (15. Qh5 $16) 15... d5 $11 16. bxa6 (16. exf5 e4 17. Be2 Bxb2 18. Qxd5 Bb7 $17) (16. exd5 $11 e4 17. Qe2) 16... fxe4 $15 (16... dxe4 {simplifies} 17. Bb5 Bxa6 18. Bxa6 Rxa6 19. Qe2 Qb7) 17. Be2 {[%emt 0:10:49] [#]} (17. Bb5 $15) 17... d4 $1 $19 {[%emt 0:03:54] [#]} (17... Bxa6 18. Bxa6 Rxa6 19. Qxd5 $16) 18. Re1 $146 {[%emt 0:05:47] [#]} (18. Bb5 $17) ({Predecessor:} 18. Bc4 Qg5 19. Qe2 Qg6 20. Rfe1 Bxa6 21. Bxa6 Rxa6 22. Nc4 f5 23. a4 d3 24. Qe3 {0-1 Ilchev,P (2160)-Soler di Benedetto,S (2030) Cullera op 26th 2005 (4.32)}) 18... d3 $1 (18... Bxa6 19. Bxa6 Rxa6 20. Qb3 $17) 19. Bf1 f5 (19... Rxa6 20. Rxe4 Rd8 21. Qb3 $17 (21. Bxd3 $2 Rad6 $19)) 20. f3 $2 (20. Nc4 {was called for.}) 20... Bxa6 {[%emt 0:11:38] Threatens to win with ...exf3.} ({Weaker is} 20... Rxa6 21. fxe4 fxe4 22. Rxe4 $17) 21. fxe4 Qa7+ ({But not} 21... fxe4 $2 22. Rxe4 Rad8 23. h3 $19) 22. Kh1 Qd4 23. Qb3+ Kh8 24. exf5 e4 {[%emt 0:02:22] White got outplayed after the opening.   Weighted Error Value: White=0.67/Black=0.06 (flawless)} (24... Rxf5 $2 {is the wrong capture.} 25. Nc2 Rxf1+ 26. Rxf1) 0-1

[Event "SixDays Budapest March IM 2023"]
[Site "Budapest"]
[Date "2023.03.27"]
[Round "6.4"]
[White "To, Nhat Minh"]
[Black "Szeberenyi, Adam"]
[Result "1/2-1/2"]
[ECO "A05"]
[WhiteElo "2342"]
[BlackElo "2338"]
[Annotator "TA"]
[PlyCount "33"]
[EventDate "2023.03.24"]
[EventType "tourn"]
[EventCountry "HUN"]
[SourceTitle "playchess.com"]
[Source "ChessBase"]
[SourceQuality "1"]
[TimeControl "5400+30"]

1. Nf3 Nf6 2. b3 g6 3. Bb2 Bg7 4. e3 O-O 5. d4 d5 6. Be2 c6 7. O-O Bf5 8. c4 Ne4 9. Nc3 {[%emt 0:00:04] [#]} {Predecessor:} Nxc3 $146 {A12: English Opening: 1...c6 with b3 by White.} 10. Bxc3 Nd7 11. Rc1 Nf6 12. Nd2 a5 13. Re1 Qb6 14. Bf1 Rfd8 15. c5 Qc7 16. f3 e5 17. dxe5 {0-1 Sokolovsky,Y (2416)-Melkumyan,H (2645) Titled Tuesday intern op 04th Oct Late blitz 2022 (4)} 1/2-1/2

[Event "SixDays Budapest March IM 2023"]
[Site "Budapest"]
[Date "2023.03.27"]
[Round "6.5"]
[White "Horvath, David"]
[Black "Neszmenyi, Zoltan"]
[Result "1/2-1/2"]
[ECO "A06"]
[WhiteElo "2380"]
[BlackElo "1885"]
[Annotator "TA"]
[PlyCount "67"]
[EventDate "2023.03.24"]
[EventType "tourn"]
[EventCountry "HUN"]
[SourceTitle "playchess.com"]
[Source "ChessBase"]
[SourceQuality "1"]
[TimeControl "5400+30"]

1. Nf3 d5 2. g3 Nf6 3. Bg2 c6 4. O-O e6 5. d3 Nbd7 6. Nbd2 {[%emt 0:00:09] A07: Réti Opening: New York and Capablanca Systems.} Be7 7. e4 O-O 8. Qe2 b6 9. e5 Ne8 {[%emt 0:01:56][%cal Bf6e8,Be8g7,Bg7f5][%mdl 32] [#]} 10. Re1 $146 ({Predecessor:} 10. h4 Nc7 11. h5 Re8 12. h6 g6 13. Re1 c5 14. Nf1 Bb7 15. N1h2 d4 16. Ng4 {1-0 Aldokhin,I (2413)-Wanyama,H (2291) Titled Tuesday intern op 09th Nov blitz 2021 (11)}) 10... g6 (10... Nc7 $11) 11. Nf1 Ng7 12. Bh6 Re8 13. h4 {[%emt 0:02:18] White is more active.} Nf5 14. Bg5 h6 15. Bxe7 Qxe7 16. Ne3 Bb7 17. Nxf5 exf5 18. Qd2 Kh7 19. d4 Nf8 20. Bf1 Ne6 21. Bd3 a5 22. c3 Ba6 23. Bc2 b5 {[%emt 0:02:22] [#]} 24. h5 $1 Ng5 25. Nxg5+ Qxg5 26. hxg6+ fxg6 27. Re3 a4 28. f4 Qe7 29. Kf2 h5 30. Ree1 Kg7 31. Rh1 Bc8 32. b3 (32. a3 $16) 32... axb3 $14 33. axb3 Be6 34. b4 {[%emt 0:04:07] Weighted Error Value: White=0.10 (very precise) /Black=0.10 (very precise)} 1/2-1/2

[Event "SixDays Budapest March IM 2023"]
[Site "Budapest"]
[Date "2023.03.28"]
[Round "7.1"]
[White "Neszmenyi, Zoltan"]
[Black "Pham, Tran Gia Phuc"]
[Result "0-1"]
[ECO "A35"]
[WhiteElo "1885"]
[BlackElo "2238"]
[Annotator "TA"]
[PlyCount "90"]
[EventDate "2023.03.24"]
[EventType "tourn"]
[EventCountry "HUN"]
[SourceTitle "playchess.com"]
[Source "ChessBase"]
[SourceQuality "1"]
[TimeControl "5400+30"]

1. Nf3 c5 2. c4 Nc6 3. Nc3 Nf6 4. e3 e6 5. d4 d5 6. a3 a6 7. dxc5 Bxc5 8. b4 Bd6 9. cxd5 exd5 10. Bb2 O-O 11. Be2 Be6 12. O-O Qe7 {[%emt 0:00:02] D40: Queen's Gambit Declined: Semi-Tarrasch with 5 e3.} 13. Rc1 (13. Na4 {is more complex.} Ne4 14. Rc1 Rac8 15. Nd4) 13... a5 14. b5 Ne5 {[%emt 0:00:05] [#] The position is equal.} 15. Nxe5 $146 ({Predecessor:} 15. b6 Bxa3 16. Bxa3 Nxf3+ 17. Bxf3 Qxa3 18. Nb5 Qb2 19. Rb1 Qe5 20. Nc7 Rad8 21. Rb5 a4 22. Qa1 Qxa1 23. Rxa1 Rd6 24. Rb4 Nd7 25. Rbxa4 {½-½ Woelfelschneider,P (2344)-Molzahn,N (2286) GER-ch51 V05 email 2019}) 15... Bxe5 16. Bf3 {[%emt 0:05:18] [#]} Ne4 $1 17. Qc2 ({Of course not} 17. Nxd5 Bxd5 18. Qxd5 Bxb2 $17) 17... f5 ({Much less strong is} 17... Qh4 18. g3 (18. Nxe4 $2 Qxh2#) 18... Qe7 19. Nxe4 dxe4 20. Bxe4 $14) 18. Rfd1 $2 {[%emt 0:03:49] [#]} (18. Na4 $11 Rac8 19. Qd3 Bxb2 20. Nxb2) 18... Qf7 $2 (18... Rac8 $1 $19 19. Bxe4 dxe4) 19. Ne2 $14 Rac8 (19... Rfc8 $14 20. Qb1 Rxc1 21. Qxc1 Bd6) 20. Qb1 Qf6 21. Bxe5 Qxe5 22. Qa1 (22. b6 $14) 22... Qxa1 $11 23. Rxa1 Rc5 24. Rac1 Rfc8 25. Rxc5 Rxc5 26. Rc1 (26. Kf1 $11 {keeps the balance.}) 26... Rxb5 ({Black should try} 26... Rxc1+ $17 27. Nxc1 b6) 27. Nd4 Rb6 28. Nxe6 Rxe6 29. Bxe4 Rxe4 {[%emt 0:01:56][%mdl 4096] Endgame KR-KR} 30. Rb1 (30. Rc8+ $11 Kf7 31. Rc7+ Kg6 32. Rxb7) 30... a4 (30... Ra4 $15) 31. Rxb7 d4 32. Rb4 d3 33. Rxe4 fxe4 {[%emt 0:00:08] KP-KP} 34. Kf1 Kf7 35. f3 Ke6 (35... exf3 36. gxf3 Ke6 37. Ke1 $18) 36. fxe4 $2 (36. Kf2 $11 {and White stays safe.}) 36... Ke5 37. Ke1 Kxe4 38. Kd2 h5 39. h4 g6 40. g3 {[%emt 0:00:10] Dodges g5} Kf3 41. Kxd3 Kxg3 42. e4 {[%emt 0:00:31] White threatens e5 and mate.} Kxh4 43. e5 {[%emt 0:01:16] White wants to mate with e6.} Kg5 44. Kd4 h4 {[%emt 0:00:50] ( -> ...h3)} 45. e6 $2 (45. Kc5 $19) 45... Kf6 {[%emt 0:00:07] Weighted Error Value: White=0.50/Black=0.22 (precise)} 0-1

[Event "SixDays Budapest March IM 2023"]
[Site "Budapest"]
[Date "2023.03.28"]
[Round "7.2"]
[White "Szeberenyi, Adam"]
[Black "Horvath, David"]
[Result "1/2-1/2"]
[ECO "A05"]
[WhiteElo "2338"]
[BlackElo "2380"]
[Annotator "TA"]
[PlyCount "39"]
[EventDate "2023.03.24"]
[EventType "tourn"]
[EventCountry "HUN"]
[SourceTitle "playchess.com"]
[Source "ChessBase"]
[SourceQuality "1"]
[TimeControl "5400+30"]

1. Nf3 Nf6 2. c4 e6 3. Nc3 d5 4. cxd5 exd5 5. d4 c6 6. Bg5 Be7 7. e3 O-O 8. Qc2 Nbd7 9. Bd3 Re8 10. O-O Nf8 11. h3 Ng6 12. Ne5 Bd6 {[%emt 0:00:12] [#]  D36: Queen's Gambit Declined: Exchange Variation: Main line (5 Bg5 c6 6 Qc2).} (12... Nxe5 $14 {should be considered.} 13. dxe5 Nd7 14. Bxe7 (14. Bxh7+ Kh8 $11) 14... Qxe7) {Predecessor:} 13. f4 $146 a5 14. Rae1 Bb4 15. a3 Bxc3 16. bxc3 Qd6 17. Bxf6 Qxf6 18. c4 b6 19. cxd5 cxd5 20. Bb5 {½-½ Kreutzmann,D (1994)-Deveci,S (1943) SUI-ch HT1 118th 2018 (5)} 1/2-1/2

[Event "SixDays Budapest March IM 2023"]
[Site "Budapest"]
[Date "2023.03.28"]
[Round "7.3"]
[White "Udvardi, Zalan"]
[Black "To, Nhat Minh"]
[Result "1/2-1/2"]
[ECO "C02"]
[WhiteElo "2260"]
[BlackElo "2342"]
[Annotator "TA"]
[PlyCount "137"]
[EventDate "2023.03.24"]
[EventType "tourn"]
[EventCountry "HUN"]
[SourceTitle "playchess.com"]
[Source "ChessBase"]
[SourceQuality "1"]
[TimeControl "5400+30"]

1. e4 e6 2. d4 d5 3. e5 c5 4. c3 Nc6 5. Nf3 Qb6 6. Be2 cxd4 7. cxd4 Nh6 8. Bxh6 $1 {[%emt 0:00:12][%mdl 4] Hoping for Bc1. is recently more successful than 8.Nc3.} gxh6 {[%emt 0:00:35] C02: French: Advance Variation.} (8... Qxb2 $1 $11 {keeps the balance.} 9. Bxg7 Bxg7) 9. Qd2 Bg7 10. Nc3 O-O {[%emt 0:00:33] White is slightly better.} 11. O-O f6 12. exf6 Rxf6 {[%emt 0:00:06] [#]} 13. Rab1 $146 ({Predecessor:} 13. Na4 Qc7 14. Rac1 Qf4 15. Qe3 Rf7 16. Rfd1 Rb8 17. Nc5 Qd6 18. b4 a6 19. a3 {0-1 Polivanov,A (2452)-Meier,G (2621) EU-ch Online 2300+ Final 2020 (1)}) 13... Bd7 {[%emt 0:02:54] [#]} 14. b4 $1 Ne7 (14... Nxb4 $2 15. Ne5 Be8 16. a3 $18) 15. b5 Raf8 ({Black should try} 15... Nf5 $14) 16. Na4 $1 $16 (16. Ne5 $6 Rxf2 17. Nxd7 (17. Rxf2 Rxf2 18. Nxd7 Qxd4 $11) 17... Qxd4 18. Qxd4 Bxd4 19. Rxf2 (19. Nxf8 Rxe2+ 20. Kh1 Bxc3 $11) 19... Rxf2 $11) 16... Qd6 17. Nc5 b6 (17... Bc8 $142) 18. Nxd7 Qxd7 19. Ne5 Qd6 20. g3 {[%emt 0:02:19] White is more active.} Ng6 21. Qe3 Rf5 22. f4 Bxe5 23. dxe5 Qd7 (23... Qe7 $16 24. Rfc1 R5f7) 24. Bg4 R5f7 {[%emt 0:00:24] [#]} 25. f5 $1 {[%emt 0:06:58][%mdl 576] Discovered Attack} d4 (25... h5 26. Bh3) 26. Qe2 (26. Qxh6 exf5 27. e6 (27. Bh5 Rg7 $15) 27... Qxe6 $11) 26... d3 (26... exf5 $2 27. e6 d3 28. Qe3 $18 (28. exf7+ Rxf7 29. Qe3 fxg4 $18)) 27. Qe3 exf5 (27... h5 28. Bh3 (28. fxg6 Rxf1+ 29. Rxf1 Rxf1+ 30. Kxf1 hxg4 $11) 28... d2) 28. e6 $18 Re7 29. exd7 (29. Bxf5 Qd5 30. Qxd3 (30. Bxd3 Rxe6 31. Rxf8+ Nxf8 $11) 30... Qxd3 31. Bxd3 Rxf1+ 32. Rxf1 Nf8 $16) (29. Rxf5 Qd6 $14) 29... Rxe3 30. Bxf5 {[%emt 0:01:04][%cal Of5e6] And now Be6+! would win.} Rd8 {[%emt 0:02:46] [#]} 31. Rbc1 $1 {[%emt 0:02:28] White wants to mate with Rc8.} Kf7 (31... Ne7 $142 32. Rc8 Nxc8 33. dxc8=Q Rxc8 34. Bxc8 Kg7) 32. Bxd3+ $2 (32. Rc8 Rxd7 33. Bxd7+ Kg7 34. Bf5) 32... Ke7 33. Bf5 Ne5 34. Rc7 ({Less strong is} 34. Bxh7 Rxd7 35. Rf2 Rd4 $16) 34... Nf3+ 35. Kg2 Nd4 36. Rxa7 ({Weaker is} 36. Bxh7 Nxb5 37. Rc6 Re2+ 38. Kh3 Rxd7 $14) 36... Re2+ 37. Kg1 Nxb5 (37... Nxf5 $142 38. Rxf5 Rd2) 38. Rb7 Nd6 39. Rxb6 {[%emt 0:00:17] aiming for Bh3.} Nxf5 40. Rxf5 Rxd7 41. Rf2 Rxf2 (41... Re6 $142 42. Rb4 Rf6) 42. Kxf2 {[%emt 0:00:11][%mdl 4096] Endgame KR-KR} Rd2+ {[%emt 0:00:03] [#]} 43. Kg1 $1 Kf7 44. Rxh6 Kg7 45. Ra6 h5 46. a4 Ra2 47. a5 Kh7 48. Ra8 Kg7 49. a6 Kh7 50. h3 Kg7 51. Kf1 Kh7 52. Ke1 Ra3 53. a7 $2 ({White should play} 53. Kf2 $18) 53... Ra2 54. Kd1 Kg7 55. Kc1 Kh7 56. Kb1 Ra6 (56... Ra4 $1 $14 57. Kb2 Kg7) 57. Kb2 Kg7 58. Kb3 Ra1 59. Kc4 Ra3 60. Kd5 Ra5+ $2 (60... Rd3+ 61. Kc5 Ra3) 61. Ke6 $2 (61. Kc6 {Intending Kb6 and mate.} Ra2 62. Rd8 Rxa7 63. Rd7+ Rxd7 64. Kxd7 Kf6 65. Kd6 Kf5 66. Ke7) 61... Ra6+ 62. Kf5 {[%emt 0:00:10] Strongly threatening Kg5.} Ra5+ 63. Kf4 Ra3 64. Rd8 $2 (64. g4 $18) 64... Rxa7 $11 {[%emt 0:00:15] The position is equal.} 65. Kg5 Ra5+ 66. Kh4 $1 Kh7 67. Rd7+ Kg6 68. Rd6+ Kg7 69. g4 {[%emt 0:00:34] Weighted Error Value: White=0.31/Black=0.38} 1/2-1/2

[Event "SixDays Budapest March IM 2023"]
[Site "Budapest"]
[Date "2023.03.28"]
[Round "7.4"]
[White "Ulasevich, Sergei"]
[Black "Balogh, Peter"]
[Result "1-0"]
[ECO "C63"]
[WhiteElo "2236"]
[BlackElo "2264"]
[Annotator "TA"]
[PlyCount "193"]
[EventDate "2023.03.24"]
[EventType "tourn"]
[EventCountry "HUN"]
[SourceTitle "playchess.com"]
[Source "ChessBase"]
[SourceQuality "1"]
[TimeControl "5400+30"]

1. e4 e5 2. Nf3 Nc6 3. Bb5 f5 4. d3 fxe4 5. dxe4 Nf6 6. O-O Bc5 7. Bxc6 bxc6 8. Nxe5 O-O 9. Nc3 Ba6 {[%emt 0:04:12] Repels Qd3. C63: Ruy Lopez: Schliemann/Jaenisch Defence.} 10. Nd3 Bd4 11. Ne2 (11. Re1 $16) 11... Bb6 $11 {[%emt 0:00:11] A strong pair of Bishops. The position is equal.} 12. Ng3 d5 13. exd5 cxd5 14. Be3 $36 {[%emt 0:05:15][%mdl 2048] White is pushing.} c5 15. b3 (15. Bxc5 $6 Bxc5 16. Nxc5 Bxf1 17. Nxf1 Qb6 $15) (15. Re1 $5 ) 15... d4 16. Bd2 Qd5 {[%emt 0:01:44] [#]} 17. Re1 $146 ({Predecessor:} 17. f4 Rae8 18. Qf3 Qd7 19. h3 Bb7 20. Qf2 Nd5 21. Rfe1 Ne3 22. Bxe3 dxe3 23. Qe2 {½-½ Hoefdraad,G-Garbarino,R Pan American U20-ch 1980 (4)}) 17... Bc7 18. Bf4 (18. Nf4 $16 Bxf4 19. Bxf4) 18... Bb7 19. f3 $16 (19. Bxc7 $2 Qxg2#) 19... Bxf4 (19... Bb6 $16 {was worth a try.} 20. Re5 Qf7) 20. Nxf4 $18 Qd6 21. Ne6 Rf7 22. Nf5 Qd5 23. Qd3 (23. Nexg7 $18 Rxg7 24. Nxg7 Kxg7 25. Re7+ Kh8 26. Qd2) 23... Nh5 {[%emt 0:18:15] [#]} (23... Ng4 $16) 24. Nexg7 $2 Nxg7 $2 (24... Nf4 $14 25. Qc4 (25. Qb5 Bc6 $11) 25... Rxg7 26. Ne7+ Rxe7 27. Rxe7 Qxc4 28. bxc4 Bc6) 25. Nh6+ (25. Ne7+ $6 Rxe7 26. Rxe7 Rf8 $18) 25... Kh8 {[%emt 0:00:23] [#]} 26. Re5 $3 {[%emt 0:02:32][%mdl 576] Skewer} Qd7 27. Nxf7+ Qxf7 28. Rxc5 Ne6 29. Re5 ({White should play} 29. Qf5 $18 Rf8 30. Qxf7 Rxf7 31. Re5) 29... Rg8 30. Qf5 $2 ({But not} 30. Rxe6 $6 Qxe6 31. Qxd4+ Rg7 $14) (30. Rae1 $16 Ng5 31. Kf2 (31. Qxd4 {leads to mate.} Nxf3+ 32. Kf2 Nxd4+ {[%mdl 64] Discovered Attack} 33. Ke3 Nxc2+ 34. Kd2 Nxe1 35. Rxe1 Qd5+ 36. Kc1 Qc5+ 37. Kb1 Rxg2 38. Re8+ Kg7 39. h4 Qg1+)) 30... Qg7 $11 31. g3 (31. Rxe6 $2 Qxg2#) 31... Ng5 32. Qxg5 Qxg5 33. Rxg5 Rxg5 {[%emt 0:00:11][%mdl 4096] Endgame KRB-KR} 34. Rd1 Rd5 35. Kf2 Kg7 36. Ke2 (36. g4 $11) 36... Kf6 $17 37. Kd3 Rh5 ({Better is} 37... Rd6 $17) 38. Rd2 $11 Bxf3 39. Rf2 $1 Rf5 {[%emt 0:00:09][%cal Of3e4] ...Be4+! is the strong threat.} 40. Kxd4 Bb7 41. Re2 Rd5+ 42. Kc3 h5 43. Re8 Rd1 44. Rh8 Kg6 45. Rg8+ Kf6 46. Rh8 Kg5 47. Rg8+ Kf6 48. a4 Be4 49. Rh8 Kg5 (49... Bg6 $5 ) 50. Rg8+ Kf6 51. Rh8 Bg6 52. Kb4 {[%emt 0:00:21] [#]} (52. Rf8+ $11 {remains equal.} Ke5 53. Rg8) 52... Kg7 (52... Rd2 $1 $17 53. Rf8+ Ke6) 53. Ra8 Bxc2 54. Rxa7+ Kf6 55. Rc7 Be4 {[%emt 0:00:32] Prevents Rc6+} 56. Rc5 Rd5 57. a5 Ke6 58. a6 Kd6 59. Rc4 Re5 60. a7 Bb7 {[%emt 0:00:52] Inhibits Rc8.} 61. Rc8 {[%emt 0:00:28][%mdl 64] Deflection, Promotion} Bxc8 $4 {[%emt 0:01:08][%mdl 8192] White now steadily converts the win.} (61... Re2 $11) 62. a8=Q $18 {[%emt 0:00:07] KQ-KRB. White is clearly winning.} (62. a8=B $2 {perishes.} Re2 63. Kc3 Rxh2 $19) 62... Be6 63. Qf3 Rf5 64. Qd3+ Rd5 65. Qe3 Re5 66. Qf4 {[%emt 0:00:25] And now Kc3 would win.} Kd5 67. Kb5 Bd7+ 68. Kb6 {[%emt 0:00:12] Kc7 would be deadly.} Bf5 69. Qc4+ Kd6 70. b4 Bd7 71. Qd4+ Ke6 72. Kc7 Bb5 73. Qf4 Rf5 74. Qe4+ Re5 75. Qg6+ Kd5 76. Kb6 (76. Qf7+ $142 Re6 77. Qxh5+ Re5 78. Qf7+ Re6 79. h4) 76... Be8 77. Qd3+ Ke6 78. h3 Rd5 79. Qc4 {[%emt 0:00:31] Black must now prevent Kc7.} Bd7 80. Kc7 Bb5 81. Qe4+ Re5 82. Qg6+ Kd5 83. Qd6+ Ke4 84. g4 {[%emt 0:00:41] Strongly threatening Qg6+.} hxg4 85. Qg6+ Kd5 86. Qg8+ Kd4 87. hxg4 Bc4 88. Qg7 Ke4 89. g5 Re6 90. g6 Kf5 91. Qf7+ Ke5 92. Qh7 Bd3 93. Qh2+ Kf6 94. Qh4+ Ke5 95. Qg3+ Kd4 96. g7 Rg6 {[%emt 0:00:04] [#]} 97. Qxg6 $3 {[%emt 0:00:09][%mdl 576] Promotion. Excellently played by Ulasevich!   Weighted Error Value: White=0.23 (precise) /Black=0.21 (precise)} 1-0

[Event "SixDays Budapest March IM 2023"]
[Site "Budapest"]
[Date "2023.03.28"]
[Round "7.5"]
[White "Gandhi, Anish"]
[Black "Halak, Miklos"]
[Result "1-0"]
[ECO "B15"]
[WhiteElo "2187"]
[BlackElo "2257"]
[Annotator "TA"]
[PlyCount "95"]
[EventDate "2023.03.24"]
[EventType "tourn"]
[EventCountry "HUN"]
[SourceTitle "playchess.com"]
[Source "ChessBase"]
[SourceQuality "1"]
[TimeControl "5400+30"]

1. e4 c6 2. d4 d5 3. Nc3 dxe4 4. Nxe4 Nf6 5. Nxf6+ exf6 6. c3 Bd6 7. Bd3 O-O 8. Qc2 Re8+ 9. Be3 h5 {[%emt 0:00:35] B15: Caro-Kann: 3 Nc3: 3...g6 and 3...dxe4 4 Nxe4 Nf6 5 Nxf6+ exf6.} 10. O-O-O {[%emt 0:00:24] 10.Nf3 is the fancy move.} Nd7 11. Kb1 Nf8 {[%emt 0:00:36] White is slightly better.} 12. Ne2 Be6 13. Nf4 (13. c4 $142) 13... Bxf4 $11 14. Bxf4 b5 15. f3 a5 {[%emt 0:07:32][%cal Of8g6] [#]} 16. c4 $146 ({Predecessor:} 16. h4 Qd5 17. b3 a4 18. b4 Qd7 19. Rdg1 Ng6 20. Bc1 Ne7 21. g4 hxg4 22. fxg4 Bxg4 {0-1 Derakhshani,D (2270)-Oparin,G (2652) Midwest Collegiate Rapid 2020 (2)}) 16... bxc4 17. Bxc4 Bxc4 18. Qxc4 Qd5 19. Qxd5 cxd5 20. Rhe1 Ne6 21. Bd2 a4 22. Bb4 Rec8 23. Re3 Rc4 (23... g6 $15 {was preferrable.}) 24. a3 Nxd4 25. Red3 Nc6 26. Bc3 Rb8 27. Ka2 {[%emt 0:01:22] [#]} d4 $1 28. Bxd4 Rc2 29. Bc3 Rxg2 30. R1d2 Rxd2 31. Rxd2 $15 {[%emt 0:00:04][%mdl 4096] Endgame KRB-KRN} Rb5 32. Rd7 Rf5 33. Rc7 Ne5 ({Black should play} 33... Rc5 $1 $15 34. Kb1 Kh7) 34. Ra7 (34. b3 $1 $11 {remains equal.}) 34... Rf4 (34... Nxf3 $17 {Strongly threatening ...g5.} 35. Rxa4 Nxh2) 35. Bb4 (35. b4 $1 $11 {was the only way to keep the balance.} axb3+ 36. Kxb3) 35... Nxf3 (35... Rxf3 $142 {Threatens to win with ...Rh3.} 36. Rxa4 Rh3 37. Ra8+ Kh7) 36. Rxa4 $17 Nxh2 {[%emt 0:01:13] ...Nf3 is the strong threat.} 37. Ra8+ Kh7 {[%emt 0:01:02] Hoping for ...Nf3.} 38. Bd6 {[%emt 0:00:05] [#]} g5 39. Bxf4 $18 {[%emt 0:06:03] White is clearly winning.} gxf4 {[%emt 0:00:05] KR-KN} 40. Rc8 f3 41. Rc2 Ng4 42. a4 f2 43. Rc1 Ne3 44. a5 f5 45. a6 Nc2 46. a7 (46. Rxc2 f1=Q 47. Rc6 Qb5 $19) 46... Ne1 47. a8=Q {[%emt 0:00:10] White wants to mate with Qf8.} (47. a8=R $2 {is the wrong capture.} f1=Q 48. Rcc8 Qb5 $19) 47... f1=Q 48. Qa5 {[%emt 0:01:42] Weighted Error Value: White=0.21 (precise) /Black=0.20 (precise)} 1-0

[Event "SixDays Budapest March IM 2023"]
[Site "Budapest"]
[Date "2023.03.28"]
[Round "8.1"]
[White "Pham, Tran Gia Phuc"]
[Black "Halak, Miklos"]
[Result "1-0"]
[ECO "D02"]
[WhiteElo "2238"]
[BlackElo "2257"]
[Annotator "TA"]
[PlyCount "53"]
[EventDate "2023.03.24"]
[EventType "tourn"]
[EventCountry "HUN"]
[SourceTitle "playchess.com"]
[Source "ChessBase"]
[SourceQuality "1"]
[TimeControl "5400+30"]

1. d4 d5 2. Nf3 e6 3. Bf4 Bd6 4. e3 Bxf4 5. exf4 Nf6 6. Nbd2 O-O {[%emt 0:00:28] D02: 1 d4 d5 2 Nf3 sidelines, including 2...Nf6 3 g3 and 2...Nf6 3 Bf4.} 7. Bd3 b6 8. h4 Ba6 {[%emt 0:01:12] The position is equal.} 9. Bxa6 Nxa6 {[%emt 0:00:06][%cal Bb8a6,Ba6c5,Bc5e4][%mdl 32] [#]} 10. h5 $146 ({Predecessor:} 10. c3 c5 11. Qe2 Nc7 12. h5 h6 13. Ne5 cxd4 14. cxd4 Qe8 15. g4 Qb5 16. g5 {0-1 Indjic,A (2605)-Shuvalova,P (2504) Titled Tuesday intern op 22 Mar Early blitz 2022 (8)}) 10... c5 11. c3 cxd4 12. Nxd4 Qc7 13. g3 Nc5 {[%emt 0:01:19] ...Nd3+ would be deadly.} 14. N2f3 Rab8 15. h6 {[%emt 0:00:29] Black should prevent hxg7.} g6 16. Ne5 b5 17. Ndc6 ({White should try} 17. O-O $14) 17... Rb6 {[%emt 0:08:33] Black is weak on the dark squares} (17... Rb7 $1 $11) 18. Qd4 $16 Nce4 {[%emt 0:03:47] [#]} (18... Rxc6 $2 19. Nxc6 Nce4 20. Ne5 $18 (20. Nxa7 Qb7 $16)) 19. f3 $1 $36 {[%emt 0:07:02][%mdl 2048] Black is under strong pressure. White is more active.} ({Don't play} 19. Ng4 $6 Ne8 20. Nb4 a5 $11) 19... Nxg3 {[%emt 0:06:25] ...Nfh5 is the strong threat.} 20. Nd7 {[%emt 0:00:06] White wants to mate with Ne7+. Really sharp!} Qxd7 {[%emt 0:01:07][%mdl 8192] [#] Black cannot hold the game after this.} (20... Rxc6 $16 21. Nxf6+ Kh8 22. Nxd5+ e5 23. fxe5 (23. Qxe5+ $2 {perishes.} Qxe5+ 24. fxe5 Nxh1 $19) 23... Qb8) 21. Qxf6 $1 Nf5 {[%emt 0:00:08] [#]} 22. Rh5 $3 {[%emt 0:00:04][%cal Oh5f5][%mdl 512] Intending Rxf5! and mate.} Re8 {[%emt 0:13:01] [#]} (22... Nxh6 23. Ne7+) 23. Rxf5 $1 {[%emt 0:01:32][%mdl 512] White mates.} exf5+ 24. Kd1 Re1+ 25. Kc2 Re2+ 26. Kb3 Qxc6 27. Qg7# {[%emt 0:00:05] Ingenious play by Pham!   Weighted Error Value: White=0.06 (flawless) /Black=0.71} 1-0